Valkyrie, lawful female human Valkyrie ---- |..----------- ---- ------ ---- |............| |..-- --.--.| ---..-- |...--------.---- |...---|.....| --.....------------------------------ --.| |...|>--.....--....-------...................................---- |.| ---.--....--...................................--.------........--- |.| |...-..- |.......---........--.......---------|..| |..........| |.| ---..... -....... .........-- ........| ---..-- --...--.....| --.| ---|..... ......| -.......| -.--...| |.....| |.......|.--- -...| --..--...........-- .)-- -.-- |.....| |.--..|.--- |....| |.................--- ..| --- |.....| ---|..|...| -...| |...................---. ..| --...-| - -----..-- |...| --............--.......*....^| ----- --...--.------|...| --..| |............||..--......<..- --...-- --........|..|--.-| --*| ---.........|.-- --.........| |.....-- ---.(......*...| |..| --- --.........----- |.........-------..----- --....|...--...-- ---- |.......... ---.-----.....-- --...|.---...----.--|...| --.....@h. --...| -.....-- |......*....-- . ---- |....--- |...-- --.....| |.......)..-- --..-- |..-- ----..| --.-------- --- ---- --- --- Valkyrie the Skirmisher Experience level: 4 Strength: 18/01 Dexterity: 15 Constitution: 17 Intelligence: 8 Wisdom: 10 Charisma: 7 Health: 0(37) Energy: 16(16) Def: 11 Gold: 620 Moves: 6993 Dungeon seed: POLg50nKvU9CfVz1 Game ID: Valkyrie_1508308192 Your Inventory: Coins $ - 620 gold pieces Weapons a - a blessed +1 long sword (alternate weapon; not wielded) b - a +0 dagger (weapon in hand) Q - 5 +0 darts (in quiver) T - a cursed -1 dagger U - a +0 dagger Armor e - an uncursed +3 small shield (being worn) n - an uncursed +0 orcish helm (being worn) q - an uncursed +0 splint mail (being worn) Comestibles o - 2 uncursed eggs H - 6 uncursed food rations J - an uncursed tin of garter snake meat S - 2 uncursed tins of newt meat W - an uncursed lichen corpse Scrolls g - an uncursed scroll of teleportation m - an uncursed scroll of identify u - a blessed scroll of teleportation B - a blessed scroll of identify C - a cursed scroll of magic mapping F - 3 uncursed scrolls of identify L - a cursed scroll of earth Spellbooks d - an uncursed spellbook of knock h - an uncursed spellbook of remove curse Potions t - an uncursed potion of oil x - a cursed potion of blindness D - a blessed potion of see invisible X - an uncursed potion of full healing Rings I - an uncursed ring of see invisible R - an uncursed ring of polymorph Wands i - a wand of digging (0:3) r - a wand of cancellation (0:3) G - a wand of magic missile (0:5) M - a wand of slow monster (0:6) Tools c - an uncursed tin whistle f - an uncursed towel j - an uncursed partly used wax candle (lit) (0:99) s - an uncursed lock pick Spells and supernatural/magical abilities: Name Level Category Fail Memory W - pray for help -- divine ? -- Your skills at the end: Fighting Skills Weapon Skills dagger [Basic] long sword [Basic] Spellcasting Skills Final Attributes: You were piously aligned. You were cold resistant. You were stealthy. You are dead. Vanquished creatures: a small mimic a fog cloud a shrieker 4 gnome lords an elf zombie a ghoul 2 floating eyes 2 kittens a dwarf 2 kobold lords a wererat 4 iguanas 2 killer bees an acid blob 2 coyotes a gas spore 3 hobbits 2 large kobolds 2 hobgoblins 8 cave spiders a brown mold a yellow mold 3 red molds 18 gnomes 15 garter snakes 2 gnome zombies 4 geckos 4 jackals 3 foxes a kobold 4 goblins 4 sewer rats 9 grid bugs 8 lichens a kobold zombie 5 newts 125 creatures vanquished. Voluntary challenges: You had followed a strict vegan diet until turn 4194. You had followed a strict vegetarian diet until turn 4194. You used a wielded weapon 31 times, starting on turn 155. You read items or engraved 1 time, starting on turn 4756. You never genocided any monsters. You never polymorphed an object. You never changed form. You used no wishes. You never split a pudding. You never wrote Elbereth's name. You violated your moral code, losing 39 points of alignment, starting on turn 3842. Dungeon overview: The Dungeons of Doom: levels 1 to 7 Level 1 a fountain a long staircase Level 2 a weapon shop, an altar to Tyr Level 3 a general store, a fountain stairs to The Gnomish Mines Level 4 an altar to Tyr Level 5 many fountains Level 6 a scroll shop, a sink stairs to Sokoban Level 7 The Gnomish Mines: levels 4 to 5 Level 4 stairs to The Dungeons of Doom Level 5 <- You were here Sokoban: levels 3 to 5 Level 3 Level 4 Level 5 stairs to The Dungeons of Doom History has recorded: On T:1 you entered the Dungeons of Doom to retrieve the Amulet of Yendor! On T:376 you reached level 2 of The Dungeons of Doom. On T:430 you reached level 3 of The Dungeons of Doom. On T:1175 you reached level 4 of The Dungeons of Doom. On T:1551 you reached level 5 of The Dungeons of Doom. On T:2231 you reached level 6 of The Dungeons of Doom. On T:2323 you advanced to experience level 2. On T:2599 you reached level 4 of Sokoban. On T:3078 you reached level 3 of Sokoban. On T:3929 you advanced to experience level 3. On T:4030 you reached level 2 of Sokoban. On T:4961 you reached level 7 of The Dungeons of Doom. On T:5262 you advanced to experience level 4. On T:6058 you reached level 1 of The Gnomish Mines. On T:6436 you reached level 2 of The Gnomish Mines. Score breakdown: Gold: 620 ( 9501 points) Experience: 4 levels ( 9649 points) Exploration: 7 levels ( 14.00%) (10497 points) Discoveries: 6 items ( 2.44%) ( 4685 points) Valuables value: (no points given unless you survive) Artifact value: 0 ( 0 points) Variety of kills: 36 monsters ( 9.45%) ( 9221 points) Turncount: 6993 turns (-1850 points) Survival: died (score multiplied by 80%) Total score: 33362 Latest messages: (2x) You miss the dwarf. The dwarf gets angry! You miss the dwarf. The dwarf wields a dwarvish short sword! You miss the dwarf. The dwarf thrusts his dwarvish short sword. The dwarf misses. You miss the dwarf. (2x) The dwarf thrusts his dwarvish short sword. The dwarf hits! You miss the dwarf. The dwarf thrusts his dwarvish short sword. The dwarf hits! You miss the dwarf. (2x) The dwarf thrusts his dwarvish short sword. The dwarf hits! You hit the dwarf! The dwarf thrusts his dwarvish short sword. The dwarf hits! You die... Final status: Farvel Valkyrie the Valkyrie, killed by a dwarf... You died in The Gnomish Mines on dungeon level 5 with 33362 points, and 620 pieces of gold, after 6993 moves. You were level 4 with a maximum of 37 hit points when you died.